 Dungeon Crawl Stone Soup version 0.13-a0-2537-g1f6edf4 (webtiles) character file.

144 Kae the Ruinous (level 4, -8/24 HPs)
             Began as a Tengu Fire Elementalist on July 27, 2013.
             Killed from afar by Ijyb (13 damage)
             ... with a wand of lightning
             ... on Level 3 of the Dungeon.
             The game lasted 00:03:36 (2474 turns).

Kae the Ruinous (Tengu Fire Elementalist)           Turns: 2474, Time: 00:03:36

HP  -8/24        AC  3     Str  8      XL: 4   Next: 31%
MP   8/8         EV 18     Int 17      God:
Gold 69          SH  0     Dex 19      Spells:  2 memorised,  3 levels left

Res.Fire  : . . .   See Invis. : .   p - +0 whip
Res.Cold  : . . .   Warding    : .   a - +0 robe
Life Prot.: . . .   Conserve   : .   (no shield)
Res.Poison: .       Res.Corr.  : .   (helmet restricted)
Res.Elec. : .       Clarity    : .   (no cloak)
Sust.Abil.: . .     Spirit.Shd : .   f - +0 pair of gloves
Res.Mut.  : .       Stasis     : .   (boots unavailable)
Res.Rott. : .       Flight     : .   (no amulet)
Saprovore : . . .                    (no ring)
                                     (no ring)

@: confused, agile, slightly resistant to hostile enchantments, fairly stealthy
A: beak, talons 3
a: no special abilities


You were on level 3 of the Dungeon.
You were not hungry.

You visited 1 branch of the dungeon, and saw 3 of its levels.

You collected 49 gold pieces.

Inventory:

Hand weapons
 p - a +0,+0 whip (weapon)
Missiles
 q - a poisoned dart (quivered)
Armour
 a - a +0 robe (worn)
 f - a +0 pair of gloves (worn)
Comestibles
 c - 2 bread rations
 g - 2 meat rations
Scrolls
 d - 4 scrolls of identify {unknown}
 e - a scroll of curse armour {unknown}
 h - a scroll of remove curse {unknown}
 l - a scroll of enchant armour {unknown}
 o - a scroll of fear {unknown}
Jewellery
 r - an uncursed amulet of conservation {unknown}
Potions
 i - 2 potions of agility
 j - a potion of mutation {unknown}
 k - a potion of confusion
 m - a potion of curing {unknown}
 n - a potion of speed {unknown}
Books
 b - a book of Flames

   Spells                             Type                      Level
   *Flame Tongue                      Conjuration/Fire             1
   *Throw Flame                       Conjuration/Fire             2
   Conjure Flame                      Conjuration/Fire             3
   Inner Flame                        Hexes/Fire                   3
   Sticky Flame                       Conjuration/Fire             4
   Fireball                           Conjuration/Fire             5


   Skills:
 - Level 2.1 Dodging
 - Level 2.0 Stealth
 + Level 1.7 Spellcasting
 * Level 4.0 Conjurations
 + Level 3.9 Fire Magic


You had 3 spell levels left.
You knew the following spells:

 Your Spells              Type           Power        Failure   Level  Hunger
a - Flame Tongue          Conj/Fire      ###..        4%          1    #......
b - Throw Flame           Conj/Fire      ###...       10%         2    ###....


Dungeon Overview and Level Annotations

Branches:
Dungeon (3/27)

Altars:

Annotations
D:2 Terence
D:3 1 exclusion, Ijyb


Innate Abilities, Weirdness & Mutations

You have a beak for a mouth.
You have claws for feet.


Message History

Ijyb is nearby!
You spend a moment contemplating the meaning of life.
Ijyb is nearby!
Ijyb shouts!
Found a dagger, 13 darts, a short ivory wand and a viscous cyan potion.
Ijyb zaps a wand.
The bolt of lightning hits you!
Ouch! That really hurt!
* * * LOW HITPOINT WARNING * * *
Ijyb zaps a wand.
The bolt of lightning misses you.
Casting: Flame Tongue
Confirm with . or Enter, or press ? or * to list all spells.
You can't see any susceptible monsters within range! (Use Z to cast anyway.) Drink which item? (? for menu, Esc to quit)
You feel more agile all of a sudden.
It was a potion of agility.
Ijyb zaps a wand.
The bolt of lightning misses you.
Drink which item? (? for menu, Esc to quit)
You are confused.
It was a potion of confusion.
Ijyb zaps a wand.
The bolt of lightning hits you!
Ouch! That really hurt!
You die...

###### ......# #######
.......# #.....# #.......#
###.....### #...)...#
##.........## #.(./...#
##..#....)#..# #.....g.#
#..##.....##..
#.......#####.###.....####
#........@....# ##.####
#.......####### #.#
#####.### #.# #. ##'######
#. #.......## # #.......'.
+.......## #.......##
#.......##


You could see Ijyb.

Vanquished Creatures
  2 adders (D:2)
  A giant gecko (D:3)
  An ooze (D:1)
  11 bats
  3 giant cockroaches
  8 hobgoblins
  2 jackals (D:3)
  8 kobolds
  3 giant newts
  5 goblins
  8 rats
52 creatures vanquished.

Notes
Turn   | Place    | Note
--------------------------------------------------------------
     0 | D:1      | Kae, the Tengu Fire Elementalist, began the quest for the Orb.
     0 | D:1      | Reached XP level 1. HP: 10/10 MP: 3/3
   196 | D:1      | Reached XP level 2. HP: 10/15 MP: 0/5
   249 | D:1      | Learned a level 2 spell: Throw Flame
   688 | D:1      | Reached XP level 3. HP: 19/19 MP: 7/7
   944 | D:2      | Noticed Terence
  1344 | D:2      | Reached XP level 4. HP: 21/24 MP: 3/8
  2223 | D:3      | Reached skill level 4 in Conjurations
  2467 | D:3      | Noticed Ijyb
  2474 | D:3      | Killed from afar by Ijyb

Action                   |  1- 3 |  4- 6 || total
-------------------------+-------+-------++-------
Melee: Unarmed           |    20 |       ||    20
       Whip              |       |     4 ||     4
 Cast: Flame Tongue      |    66 |    25 ||    91
       Throw Flame       |     2 |       ||     2
  Use: Potion            |       |     2 ||     2
 Stab: Sleeping          |       |     1 ||     1
